 Dungeon Crawl Stone Soup version 0.13-a0-2318-gf5ad1f9 (webtiles) character file.

1034 Lekart the Ducker (level 7, -2/56 HPs)
             Began as a Green Draconian Chaos Knight on July 10, 2013.
             Was a Plaything of Xom.
             Slain by an ice beast (5 damage)
             ... on Level 5 of the Dungeon.
             The game lasted 00:25:31 (3541 turns).

Lekart the Ducker (Green Draconian Chaos Knight)    Turns: 3541, Time: 00:25:32

HP  -2/56        AC  7     Str 15      XL: 7   Next: 91%
MP   8/8         EV 15     Int 12      God: Xom
Gold 78          SH  6     Dex 12      Spells:  1 memorised,  4 levels left

Res.Fire  : . . .   See Invis. : .   z - +1 flail (crush)
Res.Cold  : . . .   Warding    : .   (armour unavailable)
Life Prot.: + . .   Conserve   : .   q - +0 buckler
Res.Poison: +       Res.Corr.  : .   (helmet restricted)
Res.Elec. : .       Clarity    : .   D - +0 cloak
Sust.Abil.: . .     Spirit.Shd : .   (no gloves)
Res.Mut.  : .       Stasis     : +   (no boots)
Res.Rott. : .       Flight     : .   i - amulet of stasis
Saprovore : . . .                    (no ring)
                                     h - ring of positive energy

@: slightly resistant to hostile enchantments, unstealthy
A: breathe noxious fumes, unfitting armour, poison resistance, AC +6
a: Breathe Noxious Fumes, Renounce Religion


You were on level 5 of the Dungeon.
You worshipped Xom.
You were a beloved toy of Xom.
You were hungry.

You visited 1 branch of the dungeon, and saw 5 of its levels.

You collected 246 gold pieces.
You spent 188 gold pieces at shops.

Inventory:

Hand weapons
 a - a +0,+0 hand axe of chaos {=f}
 z - a +1,+1 flail of crushing (weapon)
 F - a +0,+1 dwarven broad axe of freezing
Armour
 q - a +0 buckler (worn)
 D - a +0 cloak (worn)
Magical devices
 m - a wand of flame (10)
 H - a wand of random effects (6) {unknown}
Comestibles
 c - 6 bread rations
 f - a rambutan
 k - a lychee
 l - 3 slices of pizza
 o - 3 meat rations
 r - 2 chokos
Scrolls
 d - 3 scrolls of remove curse
 e - 2 scrolls of curse armour {unknown}
 g - 2 scrolls of enchant weapon I
 j - a scroll of magic mapping {unknown}
 n - 2 scrolls of amnesia {unknown}
 s - a scroll of fear {unknown}
 u - 2 scrolls of enchant armour
 x - a scroll of fog {unknown}
 y - a scroll of teleportation
Jewellery
 h - a ring of positive energy (left hand)
 i - an amulet of stasis (around neck)
Potions
 b - a potion of curing
 p - 2 potions of magic {unknown}
 v - a potion of heal wounds {unknown}
 w - a potion of restore abilities
 E - a potion of cure mutation {unknown}
 G - a potion of brilliance {unknown}
Books
 B - a book of Necromancy

   Spells                             Type                      Level
   Pain                               Necromancy                   1
   Animate Skeleton                   Necromancy                   1
   Lethal Infusion                    Charms/Necromancy            2
   Vampiric Draining                  Necromancy                   3
   *Regeneration                      Charms/Necromancy            3
   Animate Dead                       Necromancy                   4
   Control Undead                     Necromancy                   4
Miscellaneous
 A - a phial of floods (inert)


   Skills:
 - Level 3.2 Fighting
 - Level 3.0 Axes
 + Level 3.4 Maces & Flails
 * Level 7.8 Dodging
 + Level 0.8 Spellcasting
 + Level 1.0 Charms
 + Level 1.3 Necromancy


You had 4 spell levels left.
You knew the following spells:

 Your Spells              Type           Power        Failure   Level  Hunger
a - Regeneration          Chrm/Necr      #.........   78%         3    ####...


Dungeon Overview and Level Annotations

Branches:
Dungeon (5/27)             Temple (0/1) D:5

Altars:
Kikubaaqudgha
Nemelex Xobeh
Sif Muna
Vehumet

Shops:
D:4: (*

Annotations
D:2 Terence


Innate Abilities, Weirdness & Mutations

You can breathe blasts of noxious fumes.
Your lurid green scales are hard (AC +6).
Your body does not fit into most forms of armour.
Your cold-blooded metabolism reacts poorly to cold.
Your system is resistant to poisons.


Message History

* * * LOW HITPOINT WARNING * * *
You are too injured to fight recklessly!
Drink which item? (? for menu, Esc to quit)
Okay, then.
You closely miss the ice beast.
The ice beast is severely wounded.
The ice beast hits you.
* * * LOW HITPOINT WARNING * * *
The ice beast freezes you!
Your amulet of stasis rumbles.
Your viscous silvery potion freezes and shatters!
* * * LOW HITPOINT WARNING * * *
You closely miss the ice beast.
The ice beast is severely wounded.
The ice beast hits you but does no damage.
You barely miss the ice beast.
The ice beast is severely wounded.
The ice beast completely misses you. The ice beast hits you.
You die...
Xom giggles madly!

. .# ## .# # ..
...# . .#.# .#...#
... ###..#.#### ..
#..I........ # #.
#..@........ #..
#.##.).........
#...#............I.
...................
#####%.......=.....
.......#).#########
#[......# #######.#
#.#


You could see 2 ice beasts.

Vanquished Creatures
  Edmund (D:4)
  2 ogres (D:4)
  A phantom (D:4)
  An orc priest (D:4)
  A hound (D:3)
  Crazy Yiuf (D:4)
  4 worker ants
  11 adders
  4 gnolls (D:4)
  2 worms
  An ooze (D:4)
  13 orcs
  A bat zombie (D:4)
  4 giant cockroaches
  10 goblins
  12 hobgoblins
  4 jackals (D:3)
  3 kobolds
  A ball python (D:1)
  9 bats
  5 giant newts
  A jackal skeleton (D:4)
  9 rats
  3 ballistomycetes (D:5)
  2 fungi (D:4)
106 creatures vanquished.

Vanquished Creatures (collateral kills)
  A worker ant (D:5)
  A giant gecko (D:4)
  A bat (D:4)
  2 rats
  A ballistomycete (D:5)
6 creatures vanquished.

Vanquished Creatures (others)
  A crimson imp (D:4)
  A giant spore (D:5)
2 creatures vanquished.

Grand Total: 114 creatures vanquished

Notes
Turn   | Place    | Note
--------------------------------------------------------------
     0 | D:1      | Lekart, the Draconian Chaos Knight, began the quest for the Orb.
     0 | D:1      | Reached XP level 1. HP: 17/17 MP: 1/1
   162 | D:1      | Reached XP level 2. HP: 21/24 MP: 2/2
   330 | D:1      | XOM: harmless Conj miscast
   376 | D:1      | XOM: divination: detect items
   538 | D:2      | XOM: colour smoke trail
   584 | D:2      | XOM: harmless Erth miscast
   596 | D:2      | Reached XP level 3. HP: 30/30 MP: 3/3
   616 | D:2      | Found a sparkling altar of Nemelex Xobeh.
   697 | D:2      | XOM: harmless Divn miscast
   701 | D:2      | Reached skill level 4 in Dodging
   760 | D:2      | Found an ancient bone altar of Kikubaaqudgha.
   760 | D:2      | Noticed Terence
   794 | D:3      | Reached XP level 4. HP: 30/37 MP: 4/4
   849 | D:3      | XOM: potion effect (berserk)
   898 | D:3      | Found a deep blue altar of Sif Muna.
   999 | D:3      | Found a radiant altar of Vehumet.
  1095 | D:3      | XOM: cast spell 'Confusing Touch'
  1107 | D:3      | XOM: harmless Summ miscast
  1258 | D:3      | XOM: harmless Divn miscast
  1260 | D:3      | XOM: medium Conj miscast
  1428 | D:3      | Reached XP level 5. HP: 24/44 MP: 5/5
  1573 | D:3      | XOM: harmless Fire miscast
  1620 | D:4      | Reached skill level 5 in Dodging
  1658 | D:4      | XOM: divination: magic mapping
  1929 | D:4      | Found Noicwich's General Store.
  1949 | D:4      | Noticed Edmund
  1968 | D:4      | Killed Edmund
  1968 | D:4      | Reached skill level 6 in Dodging
  1968 | D:4      | Reached XP level 6. HP: 22/50 MP: 6/6
  2096 | D:4      | XOM: harmless Erth miscast
  2155 | D:4      | Bought a potion of restore abilities for 39 gold pieces
  2155 | D:4      | Bought a scroll of identify for 26 gold pieces
  2155 | D:4      | Bought a scroll of enchant armour for 71 gold pieces
  2155 | D:4      | Bought a meat ration for 52 gold pieces
  2181 | D:4      | Noticed an ogre
  2205 | D:4      | XOM: enchant monster (bad)
  2215 | D:4      | XOM: enchant monster (good)
  2217 | D:4      | XOM: summons 2 friendly demons
  2232 | D:4      | XOM: colour smoke trail
  2247 | D:4      | Killed an ogre
  2293 | D:4      | XOM: torment (13/50 hp)
  2533 | D:4      | XOM: god gift: phial of floods
  2541 | D:4      | XOM: noise
  2591 | D:4      | Noticed an ogre
  2597 | D:4      | Killed an ogre
  2597 | D:4      | Reached skill level 1 in Maces & Flails
  2597 | D:4      | Reached skill level 7 in Dodging
  2597 | D:4      | Your scales start taking on a lurid green colour.
  2597 | D:4      | Gained mutation: Your system is resistant to poisons. [draconian maturity]
  2597 | D:4      | Reached XP level 7. HP: 42/56 MP: 7/7
  2778 | D:4      | XOM: enchant monster (good)
  2884 | D:4      | Found Tyhoywuy's Weapon Shoppe.
  3045 | D:4      | XOM: god gift: papyrus book {god gift}
  3053 | D:4      | Learned a level 3 spell: Regeneration
  3179 | D:4      | XOM: divination: detect creatures
  3335 | D:4      | Noticed Crazy Yiuf
  3340 | D:4      | Killed Crazy Yiuf
  3376 | D:5      | Entered Level 5 of the Dungeon
  3408 | D:5      | XOM: summons friendly shadow imp
  3428 | D:5      | Reached skill level 1 in Charms
  3428 | D:5      | Reached skill level 1 in Necromancy
  3500 | D:5      | Found a staircase to the Ecumenical Temple.
  3539 | D:5      | HP: 2/56 [ice beast (7)]
  3541 | D:5      | Slain by an ice beast

Action                   |  1- 3 |  4- 6 |  7- 9 || total
-------------------------+-------+-------+-------++-------
Melee: Hand axe          |    94 |   152 |       ||   246
       Flail             |       |    34 |   145 ||   179
Evoke: Wand              |       |     6 |       ||     6
       Miscellaneous     |       |     1 |       ||     1
  Use: Scroll            |     6 |     1 |       ||     7
       Potion            |       |     2 |       ||     2
 Stab: Sleeping          |     1 |       |     1 ||     2
       Paralysed         |       |     5 |       ||     5
       Petrified         |       |     2 |       ||     2
